 Dungeon Crawl Stone Soup version 0.28-a0-10-g964c8b829e (webtiles) character file.

Game seed: 10690321862528574058

189 mg7810 the Ducker (level 6, -4/64 (67) HPs)
             Began as a Djinni Gladiator on July 25, 2021.
             Was a Plaything of Xom.
             Slain by a gnoll (5 damage)
             ... on level 4 of the Dungeon.
             The game lasted 00:12:09 (3062 turns).

mg7810 the Ducker (Djinni Gladiator)                Turns: 3062, Time: 00:12:10

HP:   -4/64 (67)    AC: 23    Str: 15    XL:     6   Next: 0%
Gold: 162           EV:  2    Int: 10    God:    Xom [.....*] SH:  0 Dex: 14

rFire   . . .      SeeInvis .   h - +3 whip (elec)
rCold   . . .      Faith    .   (no shield)
rNeg    + + +      Spirit   .   (armour currently unavailable)
rPois   ∞          Reflect  .   (helmet currently unavailable)
rElec   .          Harm     .   (cloak currently unavailable)
rCorr   .          Rampage  .   (gloves currently unavailable)
Will    .....      NoTele   +   (boots unavailable)
Stlth   +.........              (no amulet)
HPRegen 0.20/turn               (no ring)
MPRegen 0.00/turn               (no ring)

@: tree-form, lightly drained
A: stationary, stasis, torment immunity, boosted hp, sickness immunity, (fire
resistance 2), (cold vulnerability 1), float, innate caster, hp casting, extra
vitality 1
a: Renounce Religion


You were on level 4 of the Dungeon.
You worshipped Xom.
You were Xom's teddy bear.
You were a tree.
You visited 1 branch of the dungeon, and saw 4 of its levels.

You collected 162 gold pieces.

Inventory:

Hand Weapons
 a - a +0 long sword
 h - a +3 whip of electrocution (weapon)
 j - a +2 dagger of venom
Missiles
 d - 3 throwing nets (quivered)
 i - 7 poisoned darts
 p - 5 boomerangs
Armour
 b - a +0 leather armour
 c - a +0 helmet (melded)
 e - a +0 scale mail (melded)
Magical Staves
 n - a staff of conjuration
Jewellery
 k - a ring of flight
 q - a ring of poison resistance
Scrolls
 r - a scroll of enchant armour {unknown}
Potions
 m - 2 potions of lignification
 o - a potion of might {unknown}


   Skills:
 + Level 2.5 Fighting
 + Level 3.2 Long Blades
 * Level 2.1 Maces & Flails
 + Level 1.6 Throwing
 * Level 2.5 Armour
 + Level 4.0 Dodging


You had 2 spell levels left.
You knew the following spells:

 Your Spells              Type           Power      Damage    Failure   Level
a - Corona                Hex            0%         N/A       36%         1
b - Poisonous Vapours     Pois/Air       0%         N/A       50%         2
Your spell library was empty.

Dungeon Overview and Level Annotations

Branches:
Dungeon (4/15)
 Temple: D:4-7

Altars:
Dithmenos
Uskayaw
Xom


Innate Abilities, Weirdness & Mutations

You are a tree.
Your roots penetrate the ground, keeping you stationary.
You cannot be teleported.
You are immune to unholy pain and torment.
Your maximum health is greatly increased.
Your equipment is partially melded.
You are immune to sickness and miasma.
You are immune to poison.
((Your flesh is very heat resistant. (rF++)))
((You are vulnerable to cold. (rC-)))
You float through the air rather than walking.
You learn spells naturally, not from books.
Your magical power is your life essence.
You have superior vitality. (+4 HP)


Message History

It was a potion of heal wounds.
You feel much better. The gnoll closely misses you.
The gnoll hits you with a +0 club.
The gnoll hits you from afar with a +2 halberd of flaming!
You aren't carrying any items that you can evoke.
Okay, then.
It was a potion of magic.
Magic courses through your body. The gnoll hits you with a +0 whip.
The gnoll hits you but does no damage.
The gnoll hits you from afar with a +2 halberd of flaming!
It was a potion of curing.
You feel better. The gnoll hits you with a +0 whip.
The gnoll hits you with a +0 club.
The gnoll hits you from afar with a +2 halberd of flaming!
* * * LOW HITPOINT WARNING * * *
The gnoll burns you.
* * * LOW HITPOINT WARNING * * *
It was a potion of lignification.
You turn into a tree.
Your +0 helmet melds into your body.
Your +0 scale mail melds into your body.
Your roots penetrate the ground.
Xom roars with laughter!
The gnoll hits you but does no damage. x3
You hit the gnoll.
The gnoll is moderately wounded.
The gnoll hits you but does no damage. The gnoll hits you with a +0 club.
* * * LOW HITPOINT WARNING * * *
The gnoll hits you but does no damage.
You hit the gnoll.
The gnoll is severely wounded.
The gnoll hits you but does no damage. x3
You hit the gnoll.
You kill the gnoll!
The gnoll hits you but does no damage. x2
You have reached level 6!
Your experience leads to an increase in your attributes!
Increase (S)trength, (I)ntelligence, or (D)exterity?
You feel stronger.
You whack the gnoll!
The gnoll is almost dead.
The gnoll hits you but does no damage.
The gnoll hits you from afar with a +2 halberd of flaming.
You die...

#.#.##.#####
#.##.###.#.........
.....gg.g.g.#.####.# ####
......#####.#...... #...
#.##. #g.[.###.# #... ..
#...g....# ######.## ..#
#.##g##### #...##.#.
.#.#..#####..g).# #........
...........##♣## #.......#
#.######...#### ##..###...
#...# #####......... #...#
#...)).....#)# #..>#
###.###...#..#.# #...#
#.....#.........
######...####.#.#.#.........
........>...<...#.#.##......
..>.........)...#.#.........


You could see 3 gnolls.

Vanquished Creatures
  A hound (D:4)
  A gnoll (D:4)
  4 adders
  3 worms
  5 dart slugs
  7 orcs
  6 bats
  7 endoplasms
  2 giant cockroaches
  9 goblins
  6 hobgoblins
  9 jackals (D:1)
  7 kobolds
  2 quokkas
  5 ball pythons
  6 frilled lizards
  4 rats
84 creatures vanquished.

Vanquished Creatures (others)
  An ogre (D:4)
  A scorpion (D:4)
  An ufetubus (D:4)
  An orc (D:4)
  2 endoplasms (D:4)
  A goblin (D:4)
  A jackal (D:4)
8 creatures vanquished.

Grand Total: 92 creatures vanquished

Notes
Turn   | Place    | Note
-------+----------+-------------------------------------------
     0 | D:1      | mg7810 the Djinni Gladiator began the quest for the Orb.
     0 | D:1      | Reached XP level 1. HP: 18/18 MP: 0/0
    70 | D:1      | Found a faded altar of an unknown god.
    85 | D:1      | Reached XP level 2. HP: 22/23 MP: 0/0
   122 | D:1      | Reached skill level 1 in Armour
   179 | D:1      | Reached XP level 3. HP: 21/28 MP: 0/0
   179 | D:1      | Learned a level 1 spell: Corona
   207 | D:1      | Became a worshipper of Xom of Chaos
   435 | D:1      | XOM: smoke on damage
   638 | D:1      | XOM: silly message
   806 | D:1      | XOM: silly message
   879 | D:1      | XOM: silly message
   954 | D:2      | XOM: silly message
   997 | D:2      | Reached XP level 4. HP: 31/33 MP: 0/0
  1043 | D:2      | XOM: divination: detect creatures
  1165 | D:2      | Reached skill level 4 in Dodging
  1761 | D:3      | Reached skill level 1 in Maces & Flails
  1855 | D:3      | XOM: cast spell 'Summon Small Mammal'
  1876 | D:3      | Reached XP level 5. HP: 26/39 MP: 0/0
  1876 | D:3      | Learned a level 2 spell: Poisonous Vapours
  2286 | D:3      | Found a large runed translucent door.
  2288 | D:3      | Found a large runed translucent door.
  2434 | D:3      | XOM: god gift: 30 gold pieces
  2503 | D:3      | XOM: silly message
  2551 | D:3      | Found a hide-covered altar of Uskayaw.
  2554 | D:3      | Found a shadowy altar of Dithmenos.
  2634 | D:3      | XOM: draining
  2688 | D:4      | XOM: enchant monster (good)
  2689 | D:4      | Noticed an ogre
  2691 | D:4      | Killed an ogre
  2864 | D:4      | Found a shimmering altar of Xom.
  3059 | D:4      | HP: 1/54 [gnoll (6)]
  3062 | D:4      | Reached XP level 6. HP: 1/43 MP: 0/0
  3062 | D:4      | Slain by a gnoll

Illustrated notes

Levels and vault maps discovered:
D:1:      ncdulo_wetmaze, layout_loops_ring, ebering_ecumenical_altar_ruins
D:2:      layout_rooms, minmay_unequal
D:3:      layout_basic, jmf_multi_god_temple2
D:4:      layout_loops_cross, xom_confusion_cloud,
          minmay_temple_entry_large_hall, uniq_sigmund

Skill      XL: |  1  2  3  4  5 |
---------------+----------------+-----
Armour         | 1 2 |  2.5
Long Blades    | 3 |  3.2
Dodging        | 4 |  4.0
Maces & Flails | 1 2 |  2.1
Fighting       | |  2.5
Throwing       | |  1.6

Action                   |  1- 3 |  4- 6 || total
-------------------------+-------+-------++-------
Melee: Long sword        |    67 |       ||    67
       Whip              |    20 |   124 ||   144
  Use: Scroll            |       |     4 ||     4
       Potion            |       |     4 ||     4
Armor: Scale mail        |    66 |    63 ||   129
       Skin              |       |    11 ||    11
Dodge: Dodged            |    66 |    55 ||   121
       Rpst.: Long sword |    12 |       ||    12

Table legend: (Time is in decaauts)
 A = Elapsed time spent in this place.
 B = Non-inter-level travel time spent in this place.
 C = Inter-level travel time spent in this place.
 D = Time resting spent in this place.
 E = Time spent auto-exploring this place.
 F = Levels seen in this place.
 G = Mean time per level.
                   A        B        C        D        E       F      G
               +--------+--------+--------+--------+--------+-----+--------+
         Total |   3085 |   2989 |     96 |      0 |   2233 |   4 |  771.2 |
       Dungeon |   3085 |   2989 |     96 |      0 |   2233 |   4 |  771.2 |
               +--------+--------+--------+--------+--------+-----+--------+

Top non-repeatable levels by time:
     D:3: 1030 daAuts
     D:1: 943 daAuts
     D:2: 719 daAuts
     D:4: 392 daAuts
